 Dungeon Crawl Stone Soup version 0.29.1-1-gd02db6906a (webtiles) character file.

Game seed: 3045561693593185080

238 hawla the Conjurer (level 5, 0/57 HPs)
             Began as a Draconian Conjurer on Sept 16, 2022.
             Succumbed to Ijyb's poison
             ... on level 3 of the Dungeon.
             The game lasted 00:07:11 (3140 turns).

hawla the Conjurer (Draconian Conjurer)             Turns: 3140, Time: 00:07:12

Health: 0/57       AC: 22    Str:  9      XL:     5   Next: 78%
Magic:  1/8        EV:  2    Int: 20 (21) God:
Gold:   119        SH:  0    Dex:  9      Spells: 1/8 levels left

rFire   + . .      SeeInvis .   (no weapon)
rCold   . . .      Faith    .   (no shield)
rNeg    . . .      Spirit   .   (body armour unavailable)
rPois   +          Reflect  .   (helmet currently unavailable)
rElec   .          Harm     .   (cloak currently unavailable)
rCorr   .          Rampage  .   (gloves currently unavailable)
Will    .....      NoTele   +   (boots currently unavailable)
Stlth   ++........              (no amulet)
HPRegen 0.19/turn               i - ring of protection from fire
MPRegen 0.11/turn               (no ring)

@: lethally poisoned (0 -> -1), tree-form (expiring)
A: stationary, stasis, torment immunity, boosted hp, AC +5, unfitting armour,
(cold-blooded)
a: no special abilities


You were on level 3 of the Dungeon.
You were a tree.
You visited 1 branch of the dungeon, and saw 3 of its levels.

You collected 119 gold pieces.

Inventory:

Missiles
 d - 5 boomerangs
 e - 5 poisoned darts (quivered)
Jewellery
 i - a ring of protection from fire (left branch)
 k - an amulet of guardian spirit
Scrolls
 h - 4 scrolls of identify
 n - a scroll of enchant armour
Potions
 g - a potion of flight


   Skills:
 - Level 2.2 Dodging
 - Level 1.9 Stealth
 - Level 2.1 Spellcasting
 * Level 6.5 Conjurations
 * Level 1.7 Translocations


You had one spell level left.
You knew the following spells:

 Your Spells              Type           Power      Damage    Failure   Level
a - Magic Dart            Conj           100%       1d8       1%          1
b - Searing Ray           Conj           56%        2d6       1%          2
c - Iskenderun's Mystic   Conj/Tloc      18%        2d6       28%         4

Your spell library contained the following spells:

 Spells                   Type           Power      Damage    Failure   Level
 Dazzling Flash           Conj/Hex       30%        N/A       12%         3
 Fulminant Prism          Conj/Hex       7%         3d7       38%         4


Dungeon Overview and Level Annotations

Branches:
Dungeon (3/15)

Altars:
Qazlal


Innate Abilities, Weirdness & Mutations

You are a tree.
Your roots penetrate the ground, keeping you stationary.
You cannot be teleported.
You are immune to unholy pain and torment.
Your maximum health is greatly increased.
Your equipment is partially melded.
((Your plain brown scales are hard. (AC +5)))
You cannot fit into any form of body armour.
((You are cold-blooded and may be slowed by cold attacks.))


Message History

* * * LOW HITPOINT WARNING * * *
You feel very sick.
You feel your dexterity returning.
There is a lethal amount of poison in your body!
There is a lethal amount of poison in your body!
Okay, then.
As you read the scroll labelled FORYUMUNIE, it crumbles to dust.
You assume a fearsome visage.
Nothing appears to happen.
It was a scroll of fear.
* * * LOW HITPOINT WARNING * * *
You feel sick.
Okay, then.
As you read the scroll labelled ZOEVE ZIUJICKO, it crumbles to dust.
You feel a strange sense of stasis.
It was a scroll of teleportation.
* * * LOW HITPOINT WARNING * * *
You feel sick.
As you read the scroll labelled SIUFAR ZUWNUCH, it crumbles to dust.
You hear a loud clanging noise!
It was a scroll of noise.
* * * LOW HITPOINT WARNING * * *
You feel sick.
You hear a shout!
This is a scroll of acquirement!
Something appears at your feet!
You are no longer corroded.
* * * LOW HITPOINT WARNING * * *
You feel sick.
Unknown command.
There is a lethal amount of poison in your body!
Okay, then.
Okay, then.
There is a lethal amount of poison in your body!
Your transformation is almost over.
* * * LOW HITPOINT WARNING * * *
You feel sick.
* * * LOW HITPOINT WARNING * * *
You feel sick.
* * * LOW HITPOINT WARNING * * *
You feel sick.
You die...

##........#..##### #.......
#..#........#######
#....).. ##
#..##...#.........#
##......
..##..##...#.........#
#......
.....................#
###.#####
.............###.#####
#...# .......#####......##
#.###
...#..<#########..>######.#
...........# #♣#........#
...#.......### #)######.###
.#...........# #(#...##...
.#...........# #.#...##.###
.............# #.#...#..#
##............ #.#...#.##
#......)......#.....#.##
#..............(........
....##.###...##........##


There were no monsters in sight!

Vanquished Creatures
  A water moccasin (D:3)
  A hound (D:3)
  Ijyb (D:3)
  2 adders
  2 dart slugs (D:1)
  4 bats
  6 endoplasms
  4 giant cockroaches
  4 goblins (D:1)
  9 hobgoblins
  4 kobolds
  5 quokkas
  5 ball pythons
  8 frilled lizards
  A rat (D:1)
57 creatures vanquished.

Notes
Turn   | Place    | Note
-------+----------+-------------------------------------------
     0 | D:1      | hawla the Draconian Conjurer began the quest for the Orb.
     0 | D:1      | Reached XP level 1. HP: 14/14 MP: 3/3
   169 | D:1      | Reached XP level 2. HP: 20/20 MP: 0/5
   172 | D:1      | Learned a level 2 spell: Searing Ray
  1039 | D:1      | Reached XP level 3. HP: 21/26 MP: 1/6
  1357 | D:1      | Reached skill level 5 in Conjurations
  1540 | D:1      | Found a faded altar of an unknown god.
  2349 | D:2      | Found a stormy altar of Qazlal.
  2642 | D:3      | Reached XP level 4. HP: 30/33 MP: 1/7
  2647 | D:3      | Learned a level 4 spell: Iskenderun's Mystic Blast
  3085 | D:3      | Noticed Ijyb
  3085 | D:3      | Noticed a water moccasin
  3111 | D:3      | Killed a water moccasin
  3112 | D:3      | Reached skill level 6 in Conjurations
  3112 | D:3      | Reached skill level 1 in Translocations
  3112 | D:3      | Reached XP level 5. HP: 19/38 MP: 0/8
  3132 | D:3      | Killed Ijyb
  3136 | D:3      | Identified a scroll of acquirement
  3136 | D:3      | Acquired 1070 gold pieces
  3137 | D:3      | HP: 2/57 [poisoned by Ijyb]
  3140 | D:3      | Succumbed to Ijyb's poison

Illustrated notes

Levels and vault maps discovered:
D:1:      dpeg_arrival_long_road, layout_loops_corners,
          hellmonk_ecumenical_altar_heavens_door, minmay_octomino_j4
D:2:      layout_loops_ring, basic_altar
D:3:      layout_rooms, grunt_qazlal_sundering, general_overflow_altar,
          uniq_ijyb

Skill      XL: |  1  2  3  4 |
---------------+-------------+-----
Conjurations   | 5 6 |  6.5
Dodging        | 2 |  2.2
Translocations | 1 |  1.7
Stealth        | |  1.9
Spellcasting   | |  2.1

Action                   |  1- 3 |  4- 6 || total
-------------------------+-------+-------++-------
Melee: Unarmed           |    63 |    36 ||    99
       Tailslap          |     6 |     1 ||     7
       Punch             |     1 |       ||     1
Throw: Dart              |       |     4 ||     4
 Cast: Magic Dart        |    50 |    10 ||    60
       Searing Ray       |    17 |     3 ||    20
       Iskenderun's Myst |       |     1 ||     1
  Use: Scroll            |     4 |     4 ||     8
       Potion            |       |     7 ||     7
Armor: Skin              |    27 |    27 ||    54
Dodge: Dodged            |    62 |    26 ||    88
